 Dungeon Crawl Stone Soup version 0.16.2-12-gd0ad4c3 (webtiles) character file.

195285 RepoMan the Destroyer (level 18, -4/91 HPs)
             Began as a Vine Stalker Warper on Oct 5, 2015.
             Was the Champion of Vehumet.
             Slain by a merfolk impaler
             ... wielding a +2 trident of venom
              (16 damage)
             ... on level 5 of the Shoals on Oct 23, 2015.
             The game lasted 10:51:29 (38871 turns).

RepoMan the Destroyer (Vine Stalker Warper)        Turns: 38871, Time: 10:51:29

Health: -4/91      AC: 22    Str: 18    XL:     18   Next: 78%
Magic:  0/47       EV: 15    Int: 19    God:    Vehumet [******]
Gold:   1446       SH:  0    Dex: 15    Spells: 10 memorised, 9 levels left

rFire  . . .     SeeInvis .     y - +1 blowgun
rCold  . . .     Clarity  .     L - +1 chain mail "Socs" {Regen+ MP+9}
rNeg   . . .     SustAb   +     (no shield)
rPois  .         Gourm    .     r - +1 helmet
rElec  .         Spirit   +     G - +0 cloak
rCorr  .         Warding  .     h - +2 pair of gloves {Str+3}
rMut   .         Rnd*Tele +     Q - +2 pair of boots
MR     ++...                    c - amulet of regeneration
Stlth  ..........               m - ring of sustain abilities
                                T - +4 ring of evasion

@: about to teleport, very slightly contaminated, very resistant to hostile
enchantments, extremely unstealthy
A: fangs 3, blurry vision 1, regeneration 3, teleportitis 1, magic shield,
antimagic bite, no device heal 3, rot immunity, forlorn
a: Renounce Religion


You were on level 5 of the Shoals.
You worshipped Vehumet.
Vehumet was exalted by your worship.
You were not hungry.

You visited 6 branches of the dungeon, and saw 34 of its levels.
You visited the Abyss 1 time.
You also visited: Ice Cave.

You collected 3446 gold pieces.
You spent 1844 gold pieces at shops.

Inventory:

Hand weapons
 a - the +8 long sword of Corporal Punishment {pain, +Blink Int+2 Stlth+}
   (You bought it in a shop on level 4 of the Orcish Mines)

   In the hands of one skilled in necromantic magic, it inflicts extra damage on
   living creatures.
   It affects your intelligence (+2).
   It lets you blink.
   It makes you more stealthy.
 b - the +3 arbalest of Destruction {penet, rElec rN++ Int-5}
   (You bought it in a shop on level 12 of the Dungeon)

   Ammo fired by it will pass through the targets it hits, potentially hitting
   all targets in its path until it reaches maximum range.
   It affects your intelligence (-5).
   It insulates you from electricity.
   It greatly protects you from negative energy.
 y - a +1 blowgun (weapon)
Missiles
 k - 79 poisoned needles
 l - 14 bolts of penetration
 p - 18 silver bolts
 F - 3 curare-tipped needles (quivered)
 J - 6 throwing nets
 M - 87 bolts
Armour
 h - a +2 pair of gloves of strength (worn)
 r - a +1 helmet (worn)
 D - the +0 chain mail "Olygaudgha" {Int+9}
   (You found it on level 5 of the Shoals)

   It affects your intelligence (+9).
 G - a +0 cloak (worn)
 L - the +1 chain mail "Socs" (worn) {Regen+ MP+9}
   (You bought it in a shop on level 4 of the Orcish Mines)

   It affects your magic capacity (+9).
   It increases your rate of regeneration.
 Q - a +2 pair of boots (worn)
Jewellery
 c - an amulet of regeneration (around neck)
 d - an uncursed ring of wizardry
 i - an uncursed amulet of resist corrosion
 m - a ring of sustain abilities (right hand)
 v - an uncursed ring of protection from fire
 I - an uncursed ring of protection from magic
 O - an uncursed ring of teleportation
 T - a +4 ring of evasion (left hand)
 Z - an uncursed ring of see invisible
Magical devices
 C - a wand of cold (9)
 R - a wand of digging (14)
 V - a wand of teleportation (0)
Scrolls
 e - 2 scrolls of recharging
 o - 2 scrolls of enchant armour
 q - a scroll of magic mapping
 s - a scroll of brand weapon
 x - 2 scrolls of holy word
 E - 9 scrolls of identify
 K - 2 scrolls of immolation
 U - 2 scrolls of amnesia
 Y - 2 scrolls of remove curse
Potions
 g - 4 potions of restore abilities
 B - 6 potions of flight
 H - 3 potions of agility
 N - 3 potions of brilliance
 P - 4 potions of haste
 S - 2 potions of might
 X - 2 potions of resistance
Books
 w - a book of Death

   Spells                             Type                      Level
   a - Corpse Rot                     Necromancy                   2
   b - Sublimation of Blood           Necromancy                   2
   c - Agony                          Necromancy                   5
   d - Dispel Undead                  Necromancy                   5
   e - Excruciating Wounds            Charms/Necromancy            5
   f - Bolt of Draining               Conjuration/Necromancy       5
Miscellaneous
 u - a phial of floods
Comestibles
 f - 16 bread rations
 W - 4 chunks of flesh


   Skills:
 + Level 8.8 Fighting
 - Level 12.5 Long Blades
 - Level 7.8 Crossbows
 - Level 0.8 Throwing
 - Level 7.7 Armour
 - Level 7.8 Dodging
 + Level 13.1 Spellcasting
 * Level 13.6 Conjurations
 - Level 4.2 Charms
 - Level 13.0 Translocations
 - Level 5.0 Transmutations
 - Level 4.1 Evocations


You had 9 spell levels left.
You knew the following spells:

 Your Spells              Type           Power        Failure   Level  Hunger
a - Apportation           Tloc           ######....   1%          1    None
b - Blink                 Tloc           N/A          1%          2    None
c - Shroud of Golubria    Chrm/Tloc      #####.....   2%          2    None
d - Orb of Destruction    Conj           ######....   71%         7    #######
e - Irradiate             Conj/Trmt      #####.....   10%         5    ####...
f - Force Lance           Conj/Tloc      ######..     1%          4    None
m - Mephitic Cloud        Conj/Pois/Air  ####....     8%          3    None
o - Teleport Other        Tloc           ######..     1%          3    None
p - Portal Projectile     Tloc           ######       1%          3    None
t - Control Teleport      Chrm/Tloc      #####.....   17%         4    None


Dungeon Overview and Level Annotations

Branches:
Dungeon (15/15)            Temple (1/1) D:7            Lair (8/8) D:10
 Shoals (5/5) Lair:3       Spider (0/5) Lair:6        Slime (0/6) Lair:7
    Orc (4/4) D:12            Elf (1/3) Orc:4        Vaults (0/5) D:14
 Depths (0/5) D:15

Altars:
Ashenzari
Cheibriados
Dithmenos
Elyvilon
Fedhas
Gozag
Kikubaaqudgha
Makhleb
Nemelex Xobeh
Okawaru
Qazlal
Ru
Sif Muna
Trog
Vehumet
Xom
Yredelemnul
Zin
The Shining One
Beogh
Jiyva

Shops:
D:8 :   D:9 }   D:11 *   D:12 (   Orc:4 :(*[

Annotations:
D:4 Burgietje's ghost, average TrMo
Lair:2 exclusion: oklob plant
Lair:5 exclusion: 2 oklob plants


Innate Abilities, Weirdness & Mutations

You have razor-sharp teeth.
You regenerate.
When hurt, damage is shared between your health and your magic reserves.
Your bite disrupts and absorbs the magic of your enemies.
Potions and wands cannot restore your health.
You are immune to rotting.
Scrolls take you a little longer to read.
Space occasionally distorts in your vicinity.
You have difficulty communicating with the divine.


Message History

You blink.
Splash!
You fall into the shallow water.
Moving in this stuff is going to be slow.
* * * LOW HITPOINT WARNING * * *
You feel very sick.
The merfolk javelineer throws a javelin.
The javelin closely misses you.
Read which item? (? for menu, Esc to quit)
Okay, then.
Drink which item? (? for menu, Esc to quit)
You feel better.
The sea snake bites you but does no damage.
The merfolk impaler barely misses you.
The merfolk javelineer throws a javelin.
The javelin hits you.
* * * LOW HITPOINT WARNING * * *
You hear a splash.
The merfolk impaler hits you from afar with a trident of venom!
You die...

#PP.#..).≈'.........#.≈≈≈≈≈≈≈≈≈≈≈
#PPP#.....#.........<.≈≈≈≈≈≈≈≈≈≈≈
#P..##...##......(...≈≈≈≈≈≈≈≈≈≈≈≈
.P..[#####(..........≈≈≈≈≈≈≈≈≈≈≈≈
P.PP................≈≈≈≈≈≈≈≈≈≈≈≈≈
P.PPP.P.............≈≈≈≈≈≈≈≈≈≈≈≈≈
≈P.P..P.........(..≈≈≈≈≈≈≈≈≈≈≈≈≈≈
≈≈≈≈≈P≈≈..........≈≈≈≈≈≈≈≈≈≈≈≈≈≈≈
≈≈≈P≈≈≈≈≈......S@≈≈).....≈≈≈≈≈≈≈≈
≈P≈P≈≈≈≈≈≈....m≈≈≈≈≈..##..≈≈≈≈≈≈≈
≈≈≈≈≈≈≈≈≈≈≈≈≈≈≈≈≈≈≈≈..###...≈≈≈≈≈
(≈≈≈≈≈≈≈≈≈≈≈≈≈≈≈≈≈≈≈..# #...≈≈≈≈≈
.≈≈≈≈≈≈≈≈≈≈≈≈≈≈..≈≈≈..####..≈≈≈≈≈
.≈≈≈≈≈≈≈≈≈≈≈≈≈≈≈..(.........≈≈≈≈≈
.[≈≈≈≈≈≈≈≈≈≈≈≈≈(m)..........≈≈≈≈≈
.≈≈≈≈≈≈≈≈≈≈≈≈≈≈............≈≈≈≈≈≈
.≈≈≈≈≈≈≈≈≈≈≈≈≈≈(............≈≈≈≈≈


You could see a merfolk impaler, a merfolk javelineer and a sea snake.

Vanquished Creatures
  Asterion (Shoals:1)
  A quicksilver dragon (Abyss:1)
  An octopode crusher (Shoals:1)
  3 tentacled starspawn (Abyss:1)
  Ilsuiw (Shoals:4)
  Wiglaf (Shoals:3)
  A frost giant (D:15)
  An orc warlord (Orc:4)
  A cacodemon (Abyss:1)
  Jorgrun (Shoals:3)
  7 merfolk impalers
  2 merfolk javelineers
  A great orb of eyes (Abyss:1)
  Harold (D:14)
  An ice dragon (Lair:7)
  9 hydras
  2 satyrs
  A merfolk avatar (Shoals:1)
  An ogre mage (D:15)
  A catoblepas (D:15)
  6 death yaks
  4 merfolk aquamancers
  A centaur warrior (D:15)
  A thrashing horror (Abyss:1)
  An orc high priest (Orc:4)
  Nergalle (Orc:4)
  4 unseen horrors
  17 skeletal warriors
  A deep elf summoner (Elf:1)
  10 sea snakes
  2 ice statues (IceCv)
  11 harpies
  A necromancer (D:14)
  A lindwurm (shapeshifter) (D:13)
  A wolf spider zombie (D:15)
  4 orc knights
  3 orc sorcerers
  8 hill giants
  4 fauns (Shoals:3)
  5 ugly things
  2 sixfirhies (Abyss:1)
  6 griffons
  6 manticores
  15 slime creatures
  2 cyclopes
  3 worldbinders (Abyss:1)
  3 water nymphs
  3 smoke demons (Abyss:1)
  18 elephants
  27 spiny frogs
  2 black mambas
  3 centaur zombies
  A rust devil (Abyss:1)
  11 sirens
  5 komodo dragons
  An apocalypse crab (Abyss:1)
  A gargoyle (D:14)
  2 orange demons (Abyss:1)
  A torpor snail (Lair:7)
  5 centaur skeletons
  3 fire drakes
  3 ancient zymes (Abyss:1)
  A freezing wraith (D:14)
  14 blink frogs
  47 merfolk
  2 giant leeches (Lair:8)
  3 trolls
  Sonja (D:12)
  3 two-headed ogres
  2 wind drakes
  4 polar bears
  11 snapping turtles
  A wandering mushroom (Lair:8)
  A raven (shapeshifter) (D:14)
  3 raiju (Abyss:1)
  A boulder beetle (Lair:6)
  2 flying skulls (Abyss:1)
  4 ynoxinuls (Abyss:1)
  A trapdoor spider (D:12)
  A snapping turtle (shapeshifter) (D:15)
  25 water elementals
  51 yaks
  3 spriggans
  5 deep elf magi
  A vampire (D:15)
  12 hippogriffs
  A wraith (D:14)
  5 starcursed masses (Abyss:1)
  3 neqoxecs (Abyss:1)
  2 wyverns
  3 deep elf fighters (Elf:1)
  17 wolves
  2 hungry ghosts
  A mottled dragon (D:13)
  11 vampire mosquitoes
  3 wargs
  A soldier ant (shapeshifter) (Abyss:1)
  4 large abominations (Abyss:1)
  10 porcupines
  4 hell hounds (Abyss:1)
  5 spiders (D:15)
  17 orc warriors
  24 ice beasts
  3 sky beasts
  17 water moccasins
  2 black bears (Lair:5)
  An eye of draining (D:12)
  A necrophage (D:10)
  2 phantoms
  10 ogres
  10 crocodiles
  3 centaurs
  3 boring beetles
  2 big kobolds
  31 giant frogs
  A brain worm (D:15)
  A gnoll sergeant (D:8)
  Blork the orc (Orc:4)
  14 small abominations (Abyss:1)
  3 wyvern skeletons
  6 scorpions
  6 killer bees (D:13)
  10 wights
  2 electric eels (Lair:8)
  6 jellies
  A goliath beetle (Lair:6)
  3 quasits
  5 crimson imps
  32 orc priests
  Crazy Yiuf (D:4)
  2 giant frog skeletons
  A gnoll shaman (D:7)
  12 hounds
  A hell rat (Elf:1)
  28 orc wizards
  11 worker ants
  A killer bee zombie (D:7)
  11 iguanas
  31 sheep
  A tengu zombie (Abyss:1)
  Jessica (D:3)
  2 hound zombies
  2 hound skeletons (D:6)
  Robin (D:2)
  22 adders
  14 gnolls
  4 giant mites
  21 river rats
  4 shadow imps
  5 worms
  An orc zombie (Orc:4)
  An adder skeleton (D:4)
  4 giant geckos
  2 oozes
  154 orcs
  15 hobgoblins
  8 quokkas
  13 bats
  5 giant cockroaches
  A giant gecko skeleton (D:4)
  3 giant newts
  28 goblins
  2 jackals (D:1)
  20 kobolds
  2 quokka skeletons (D:4)
  A quokka zombie (D:6)
  20 rats
  5 fungi
  12 plants
1208 creatures vanquished.

Vanquished Creatures (collateral kills)
  A merfolk impaler (Shoals:4)
  A black mamba (Lair:6)
  A demonic crawler (Lair:6)
  A two-headed ogre (D:15)
  2 spiders (D:15)
  A killer bee (Lair:6)
7 creatures vanquished.

Vanquished Creatures (others)
  A rust devil (Lair:6)
  2 water elementals (IceCv)
  A deep elf fighter (Elf:1)
  A spider (D:15)
  A hell hound (Lair:6)
  An ice beast (Elf:1)
  5 killer bees (Lair:6)
  A hell rat (Elf:1)
  A sheep (Shoals:4)
  An ufetubus (Abyss:1)
  An orc (Orc:2)
  37 fungi
  34 plants
  16 starspawn tentacles (Abyss:1)
  8 starspawn tentacle segments (Abyss:1)
111 creatures vanquished.

Grand Total: 1326 creatures vanquished

Notes
Turn   | Place    | Note
--------------------------------------------------------------
     0 | D:1      | RepoMan, the Vine Stalker Warper, began the quest for the Orb.
     0 | D:1      | Reached XP level 1. HP: 11/11 MP: 3/3
    16 | D:1      | Reached skill level 1 in Armour
   111 | D:1      | Reached XP level 2. HP: 15/15 MP: 6/6
   339 | D:1      | Learned a level 2 spell: Blink
   342 | D:1      | Learned a level 2 spell: Shroud of Golubria
   746 | D:2      | Reached XP level 3. HP: 13/18 MP: 7/7
  1482 | D:3      | Noticed Robin
  1549 | D:2      | Killed Robin
  1549 | D:2      | Reached XP level 4. HP: 23/23 MP: 9/9
  1589 | D:3      | Learned a level 3 spell: Portal Projectile
  2143 | D:3      | Found a stormy altar of Qazlal.
  2145 | D:3      | Noticed a fire elemental
  2146 | D:3      | Noticed a water elemental
  2146 | D:3      | Noticed an air elemental
  2146 | D:3      | Noticed an earth elemental
  2181 | D:3      | Noticed Jessica
  2188 | D:3      | Killed Jessica
  2188 | D:3      | Reached XP level 5. HP: 26/26 MP: 13/13
  2325 | D:4      | Reached skill level 4 in Translocations
  2418 | D:4      | Noticed an ogre
  2435 | D:4      | Killed an ogre
  2485 | D:4      | Gained mutation: You heal very quickly. [vine stalker growth]
  2485 | D:4      | Reached XP level 6. HP: 23/30 MP: 15/15
  2486 | D:4      | Noticed Burgietje's ghost (average TrMo)
  2590 | D:4      | Found an opulent altar of Gozag.
  2708 | D:4      | Noticed Crazy Yiuf
  2738 | D:4      | Noticed an ogre
  2739 | D:4      | Killed Crazy Yiuf
  2769 | D:4      | Killed an ogre
  2855 | D:4      | Reached skill level 5 in Translocations
  2855 | D:4      | Reached XP level 7. HP: 34/34 MP: 13/17
  3213 | D:5      | Entered Level 5 of the Dungeon
  3318 | D:6      | Learned a level 3 spell: Teleport Other
  4530 | D:5      | Gained mutation: You have razor-sharp teeth. [vine stalker growth]
  4530 | D:5      | Reached XP level 8. HP: 32/38 MP: 17/20
  4670 | D:5      | Reached skill level 1 in Evocations
  4700 | D:5      | Reached skill level 6 in Translocations
  5145 | D:7      | Found a staircase to the Ecumenical Temple.
  5151 | Temple   | Entered the Ecumenical Temple
  5227 | Temple   | Became a worshipper of Vehumet
  5308 | D:7      | Found a white marble altar of Elyvilon.
  5311 | D:7      | Found a stormy altar of Qazlal.
  5311 | D:7      | Found a blossoming altar of Fedhas.
  5311 | D:7      | Found an ancient bone altar of Kikubaaqudgha.
  5318 | D:7      | Found a shimmering altar of Xom.
  5318 | D:7      | Found a snail-covered altar of Cheibriados.
  5318 | D:7      | Found a sparkling altar of Nemelex Xobeh.
  5489 | D:8      | Reached skill level 5 in Spellcasting
  5528 | D:8      | Reached XP level 9. HP: 42/42 MP: 22/22
  5823 | D:8      | Found Tridghoff's Book Shop.
  6472 | D:7      | Reached skill level 7 in Translocations
  6809 | D:7      | Acquired Vehumet's first power
  6809 | D:7      | Offered knowledge of Freeze by Vehumet.
  7013 | D:7      | Reached skill level 5 in Long Blades
  7569 | D:9      | Reached skill level 8 in Translocations
  7664 | D:9      | Reached XP level 10. HP: 46/46 MP: 24/24
  7691 | D:9      | Found Jixt's Gadget Shoppe.
  7999 | D:10     | Entered Level 10 of the Dungeon
  8074 | D:10     | Reached skill level 5 in Dodging
  8087 | D:10     | Found a staircase to the Lair.
  8404 | D:11     | Noticed a skeletal warrior
  8480 | D:10     | Killed an unseen horror
  8555 | D:10     | Offered knowledge of Throw Frost by Vehumet.
  8819 | D:10     | Noticed a hill giant
  8858 | D:10     | Killed a hill giant
  8858 | D:10     | Reached skill level 5 in Armour
  8858 | D:10     | Reached skill level 9 in Translocations
  9461 | D:10     | Killed an unseen horror
  9461 | D:10     | Reached XP level 11. HP: 22/50 MP: 7/27
  9550 | D:10     | Got a slimy great sword
  9552 | D:10     | Identified the +0 great sword "Newt's Death Toll" {venom, rC+ Str+2} (You found it on level 10 of the Dungeon)
  9764 | Lair:1   | Entered Level 1 of the Lair of Beasts
  9920 | Lair:1   | Offered knowledge of Stone Arrow by Vehumet.
 10024 | Lair:1   | Reached skill level 10 in Translocations
 11184 | Lair:2   | Acquired Vehumet's second power
 11855 | Lair:3   | Found a staircase to the Shoals.
 12048 | Lair:3   | Offered knowledge of Mephitic Cloud by Vehumet.
 12068 | Lair:3   | Learned a level 3 spell: Mephitic Cloud
 12117 | Lair:3   | Reached skill level 1 in Conjurations
 12316 | Lair:3   | Gained mutation: You regenerate. [vine stalker growth]
 12316 | Lair:3   | Reached XP level 12. HP: 54/54 MP: 29/29
 12598 | Lair:3   | Acquired Vehumet's third power
 12650 | Lair:3   | Noticed a six-headed hydra
 13068 | Lair:4   | Reached skill level 11 in Translocations
 13148 | Lair:4   | Offered knowledge of Irradiate by Vehumet.
 13155 | Lair:4   | Learned a level 5 spell: Irradiate
 13500 | Lair:5   | Reached skill level 1 in Transmutations
 13587 | Lair:5   | Found an opulent altar of Gozag.
 14174 | Lair:5   | Reached skill level 5 in Conjurations
 14573 | Lair:6   | Found a stormy altar of Qazlal.
 14642 | Lair:6   | Found a hole to the Spider Nest.
 14835 | Lair:6   | Offered knowledge of Force Lance by Vehumet.
 14841 | Lair:6   | Learned a level 4 spell: Force Lance
 14893 | Lair:6   | Reached XP level 13. HP: 58/58 MP: 31/31
 15177 | Lair:6   | Noticed a six-headed hydra
 15197 | Lair:6   | Killed a six-headed hydra
 16112 | Lair:7   | Found a frozen archway.
 16219 | Lair:7   | Reached skill level 5 in Transmutations
 16247 | IceCv    | Entered an ice cave
 16588 | IceCv    | Reached skill level 10 in Spellcasting
 16641 | IceCv    | Gained mutation: Scrolls take you a little longer to read. [helix card]
 16667 | IceCv    | Lost mutation: Scrolls take you a little longer to read. [helix card]
 17078 | Lair:7   | Found a staircase to the Slime Pits.
 17085 | Lair:7   | Found a viscous altar of Jiyva.
 17669 | Lair:8   | Entered Level 8 of the Lair of Beasts
 17749 | Lair:8   | Reached XP level 14. HP: 19/65 MP: 9/33
 18316 | Lair:8   | Reached skill level 10 in Long Blades
 18862 | Lair:8   | Offered knowledge of Iskenderun's Battlesphere by Vehumet.
 19994 | Lair:8   | Reached skill level 5 in Fighting
 20130 | Lair:8   | Reached skill level 10 in Conjurations
 20827 | Lair:3   | Killed a six-headed hydra
 20942 | Lair:2   | Learned a level 4 spell: Control Teleport
 21137 | D:11     | Noticed an unseen horror
 21141 | D:11     | Killed an unseen horror
 21179 | D:11     | Noticed a skeletal warrior
 21218 | D:11     | Noticed a skeletal warrior
 21234 | D:11     | Killed a skeletal warrior
 21254 | D:11     | Killed a skeletal warrior
 21297 | D:11     | Killed a skeletal warrior
 21332 | D:11     | Noticed a skeletal warrior
 21363 | D:11     | Killed a skeletal warrior
 21430 | D:11     | Noticed a five-headed hydra
 21443 | D:11     | Killed a five-headed hydra
 21527 | D:11     | Found Ecegaitt's General Store.
 21530 | D:11     | Bought a scroll of identify for 34 gold pieces
 21530 | D:11     | Bought 2 potions of curing for 102 gold pieces
 21530 | D:11     | Bought a scroll of immolation for 59 gold pieces
 21530 | D:11     | Bought a scroll of identify for 34 gold pieces
 22001 | D:11     | Got a jewelled war axe
 22033 | D:11     | Identified the cursed -2 war axe of Breach {chop, *Rage +Fly MR+} (You found it on level 11 of the Dungeon)
 22092 | D:12     | Reached XP level 15. HP: 72/72 MP: 25/35
 22184 | D:12     | Noticed Sonja
 22361 | D:12     | Killed Sonja
 22488 | D:12     | Offered knowledge of Bolt of Magma by Vehumet.
 22519 | D:12     | Found a shadowy altar of Dithmenos.
 22963 | D:12     | Found Goaguan's Antique Weapon Boutique.
 22968 | D:12     | Bought a polished arbalest for 228 gold pieces
 22968 | D:12     | Identified the cursed +3 arbalest of Destruction {penet, rElec rN++ Int-5} (You bought it in a shop on level 12 of the Dungeon)
 23209 | D:12     | Found a staircase to the Orcish Mines.
 23614 | D:13     | You fall through a shaft for 2 floors!
 23614 | D:15     | Entered Level 15 of the Dungeon
 24035 | D:13     | Reached skill level 1 in Crossbows
 24720 | D:14     | Reached skill level 12 in Translocations
 24763 | D:14     | Noticed Harold
 24785 | D:14     | Killed Harold
 24894 | D:14     | Offered knowledge of Freezing Cloud by Vehumet.
 25152 | D:14     | Found a gate to the Vaults.
 26321 | D:15     | Offered knowledge of Bolt of Fire by Vehumet.
 26348 | D:15     | Reached skill level 5 in Crossbows
 26359 | D:15     | Reached XP level 16. HP: 79/79 MP: 33/35
 26662 | D:15     | Noticed a frost giant
 26663 | D:15     | Found a staircase to the Depths.
 26676 | D:15     | Killed a frost giant
 26676 | D:15     | Reached skill level 1 in Charms
 27067 | Lair:2   | Reached XP level 17. HP: 84/84 MP: 36/36
 27213 | Orc:1    | Entered Level 1 of the Orcish Mines
 27806 | Orc:1    | Found a bloodstained altar of Trog.
 27808 | Orc:1    | Identified the Grimoire of Retrieval (You found it on level 1 of the Orcish Mines)
 28535 | Orc:3    | Found a roughly hewn altar of Beogh.
 28551 | Orc:3    | Offered knowledge of Delayed Fireball by Vehumet.
 28802 | Orc:4    | Entered Level 4 of the Orcish Mines
 29065 | Orc:4    | Noticed Nergalle
 29090 | Orc:4    | Killed Nergalle
 29263 | Orc:4    | Noticed Blork the orc
 29326 | Orc:4    | Killed Blork the orc
 29351 | Orc:4    | Found a roughly hewn altar of Beogh.
 29425 | Orc:4    | Found Ylaul's Antique Armour Shop.
 29432 | Orc:4    | Found Vyigu's General Store.
 29439 | Orc:4    | Bought a scroll of torment for 105 gold pieces
 29439 | Orc:4    | Bought a scroll of identify for 28 gold pieces
 29439 | Orc:4    | Bought a scroll of identify for 28 gold pieces
 29448 | Orc:4    | Found Laumecoo's Book Shop.
 29464 | Orc:4    | Found Frusaos' Antique Weapon Shop.
 29472 | Orc:4    | Bought a crude long sword for 204 gold pieces
 29488 | Orc:4    | Bought a faintly glowing chain mail for 294 gold pieces
 29489 | Orc:4    | Identified the +8 long sword of Corporal Punishment {pain, +Blink Int+2 Stlth+} (You bought it in a shop on level 4 of the Orcish Mines)
 29500 | Orc:4    | Identified the +1 chain mail "Socs" {Regen+ MP+9} (You bought it in a shop on level 4 of the Orcish Mines)
 29591 | Orc:4    | Found a staircase to the Elven Halls.
 30629 | Orc:4    | Bought a scroll of acquirement for 728 gold pieces
 30668 | Elf:1    | Entered Level 1 of the Elven Halls
 30699 | Elf:1    | Found a radiant altar of Vehumet.
 30738 | Orc:4    | HP: 3/84 [poisoned by a redback]
 30743 | Orc:4    | HP: 3/84 [poisoned by a redback]
 31313 | Shoals:1 | Entered Level 1 of the Shoals
 31406 | Shoals:1 | Got a shimmering hand axe
 31897 | Shoals:1 | Offered knowledge of Orb of Destruction by Vehumet.
 31906 | Shoals:1 | Learned a level 7 spell: Orb of Destruction
 32566 | Shoals:1 | Noticed Asterion
 32622 | Shoals:1 | Killed Asterion
 33584 | Shoals:3 | Reached skill level 13 in Translocations
 33603 | Shoals:3 | Noticed Wiglaf
 33638 | Shoals:3 | Killed Wiglaf
 33752 | Shoals:3 | Noticed Jorgrun
 33895 | Shoals:3 | Killed Jorgrun
 34505 | Shoals:4 | Noticed Ilsuiw
 34550 | Shoals:3 | Reached XP level 18. HP: 90/90 MP: 37/37
 34765 | Shoals:4 | Got a pitted chain mail
 34767 | Shoals:4 | Identified the cursed -4 chain mail of the Scribe {rElec rPois Dex-3 Stlth+} (You found it on level 4 of the Shoals)
 35413 | Shoals:4 | HP: 4/90 [merfolk impaler/trident of protection (11)]
 35841 | Shoals:4 | Killed Ilsuiw
 35999 | Shoals:5 | Entered Level 5 of the Shoals
 36336 | Shoals:5 | Got a faintly glowing broad axe {pain}
 36429 | Shoals:5 | Identified the cursed +2 broad axe "Hodof" {pain, MR++ Str-5 Dex+4} (You took it off a merfolk on level 5 of the Shoals)
 36616 | Shoals:5 | Got a warped chain mail
 36617 | Shoals:5 | Identified the +0 chain mail "Olygaudgha" {Int+9} (You found it on level 5 of the Shoals)
 36665 | Shoals:5 | Cast into the Abyss (merfolk impaler)
 36679 | Abyss:1  | Found a corrupted altar of Lugonu.
 36684 | Abyss:1  | Found an iron altar of Okawaru.
 37336 | Abyss:1  | Found a corrupted altar of Lugonu.
 37576 | Abyss:1  | Identified Skied's Almanac of Unholy Secrets (You found it on level 1 of the Abyss)
 38044 | Abyss:1  | Gained mutation: You have difficulty communicating with the divine. [a neqoxec]
 38063 | Abyss:1  | Gained mutation: Space frequently distorts in your vicinity. [a cacodemon]
 38142 | Abyss:1  | Gained mutation: Scrolls take you much longer to read. [a neqoxec]
 38147 | Abyss:1  | Paralysed by accursed screaming for 2 turns
 38372 | Abyss:1  | Found a shadowy altar of Dithmenos.
 38605 | Shoals:5 | Escaped the Abyss
 38871 | Shoals:5 | Slain by a merfolk impaler

Action                   |  1- 3 |  4- 6 |  7- 9 | 10-12 | 13-15 | 16-18 || total
-------------------------+-------+-------+-------+-------+-------+-------++-------
Melee: Falchion          |   138 |   137 |   257 |       |       |       ||   532
       Long sword        |       |       |   226 |  1088 |   866 |  1073 ||  3253
       Great sword       |       |       |       |     5 |   732 |   385 ||  1122
 Fire: Blowgun           |       |    20 |    95 |   153 |   285 |    36 ||   589
       Arbalest          |       |       |       |       |    27 |   399 ||   426
Throw: Throwing net      |       |       |       |     2 |     1 |    41 ||    44
       Javelin           |       |       |       |     5 |     4 |       ||     9
 Cast: Shroud of Golubri |     4 |     7 |     5 |    42 |    83 |    55 ||   196
       Blink             |       |     7 |    11 |    29 |    62 |    43 ||   152
       Apportation       |       |       |    15 |    28 |    81 |   117 ||   241
       Portal Projectile |       |       |     1 |       |     3 |     1 ||     5
       Mephitic Cloud    |       |       |       |     9 |    17 |    72 ||    98
       Force Lance       |       |       |       |       |   295 |   206 ||   501
       Teleport Other    |       |       |       |       |     1 |       ||     1
       Control Teleport  |       |       |       |       |     2 |    19 ||    21
       Irradiate         |       |       |       |       |       |     8 ||     8
 Abil: Evoke Teleportati |       |       |       |       |       |     3 ||     3
Evoke: Wand              |       |       |    13 |    40 |     8 |     3 ||    64
       Deck              |       |       |       |     2 |    13 |       ||    15
  Use: Scroll            |       |       |    15 |    16 |    23 |    24 ||    78
       Potion            |       |       |     5 |     2 |     9 |     9 ||    25
 Stab: Confused          |       |       |     1 |     6 |     2 |    11 ||    20
       Fleeing           |       |       |       |     1 |       |       ||     1
       Paralysed         |       |       |       |       |     6 |       ||     6
       Held in net/web   |       |       |       |       |       |    25 ||    25
  Eat: Chunk             |     1 |     4 |    14 |    22 |    44 |    37 ||   122
       Beef jerky        |     1 |     1 |       |     1 |     1 |     1 ||     5
       Pizza             |       |       |     1 |       |     3 |     1 ||     5
       Fruit             |       |       |     1 |     2 |     3 |     3 ||     9
       Bread ration      |       |       |       |       |     2 |     4 ||     6
       Royal jelly       |       |       |       |       |       |     1 ||     1
